 Dungeon Crawl Stone Soup version 0.22-a0-271-gc000056 (webtiles) character file.

13 Amnesiac the Shield-Bearer (level 2, 0/27 HPs)
             Began as a Deep Dwarf Fighter on Mar 12, 2018.
             Slain by Nib's ghost (7 damage)
             ... on level 3 of the Dungeon.
             The game lasted 00:01:00 (188 turns).

Amnesiac the Shield-Bearer (Deep Dwarf Fighter)      Turns: 188, Time: 00:01:01

Health: 0/27       AC:  8    Str: 19    XL:     2   Next: 24%
Magic:  2/2        EV:  8    Int:  8    God:
Gold:   37         SH:  9    Dex: 12    Spells: 1/1 levels left

rFire    . . .     SeeInvis .   j - +2 war axe (venom)
rCold    . . .     Gourm    .   c - +0 shield
rNeg     . . .     Faith    .   b - +0 scale mail
rPois    .         Spirit   .   (no helmet)
rElec    .         Reflect  .   e - +0 cloak
rCorr    .         Harm     .   (no gloves)
MR       .....                  (no boots)
Stlth    ..........             (no amulet)
HPRegen  0.00/turn              (no ring)
MPRegen  0.08/turn              (no ring)

@: non-regenerating
A: damage resistance, heal wounds, sense surroundings 1, no regeneration
a: Heal Wounds


You were on level 3 of the Dungeon.
You were not hungry.

You visited 1 branch of the dungeon, and saw 3 of its levels.

You collected 37 gold pieces.

Inventory:

Hand Weapons
 a - a +0 war axe
 j - a +2 war axe of venom (weapon)
Armour
 b - a +0 scale mail (worn)
 c - a +0 shield (worn)
 e - a +0 cloak (worn)
Scrolls
 g - a scroll of enchant weapon {!r, unknown}
Potions
 d - a potion of might {!q}
Comestibles
 f - 2 rations
 h - a chunk of flesh


   Skills:
 - Level 2.6 Fighting
 - Level 2.1 Axes
 - Level 3.2 Armour
 + Level 2.2 Dodging
 - Level 3.2 Shields


You had one spell level left.
You didn't know any spells.

Dungeon Overview and Level Annotations

Branches:
Dungeon (3/15)

Altars:

Annotations:
D:3 Nib's ghost, amateur MiFi


Innate Abilities, Weirdness & Mutations

You are resistant to damage.
You can heal yourself by infusing magical energy.
You passively map a small area around you.
You do not regenerate.


Message History

Your +2 war axe of venom begins to drip with poison!
j - a +2 war axe of venom (weapon)
The bat hits you but does no damage.
You are too injured to fight recklessly!
You are too injured to fight recklessly!
You are too injured to fight recklessly!
You closely miss the bat. The bat hits you but does no damage. x2
You closely miss the bat. You block the bat's attack.
The bat closely misses you. The bat hits you but does no damage.
You closely miss the bat. The bat completely misses you.
You block the bat's attack. The bat hits you but does no damage.
You hit the bat.
You kill the bat!
You have reached level 2!
Really quaff
i - a blue potion {!q}?
It was a potion of ambrosia {!q}.
You are confused.
You feel invigorated.
A hobgoblin comes into view. It is wielding a club.
The hobgoblin shouts!
You bump into the rock wall.
You feel less invigorated.
You feel less confused.
You slash the hobgoblin!
You kill the hobgoblin!
Your Dodging skill increases to level 2!
You block the worm's attack.
Your shield and scale mail prevent you from hitting the worm.
The worm bites you but does no damage.
You hit the worm.
The worm is lightly wounded.
The worm bites you but does no damage.
You slash the worm!
The worm is heavily wounded.
The worm bites you.
You barely miss the worm.
The worm is heavily wounded.
The worm completely misses you.
Your shield and scale mail prevent you from hitting the worm.
The worm is moderately wounded.
You block the worm's attack.
You slash the worm!
The worm is severely wounded.
Your shield and scale mail prevent you from hitting the worm.
The worm is severely wounded.
You block the worm's attack.
You hit the worm.
The worm is poisoned.
The worm is severely wounded.
The worm bites you.
You slash the worm!
You kill the worm!
There is a stone staircase leading down here.
You climb downwards. 4 orcs and an orc wizard come into view.
The orc shouts!
The orc wizard shouts!
The orc shouts! x3
Found a dark potion.
There is a stone staircase leading up here.
Nib's ghost (amateur Minotaur Fighter) comes into view.
Nib's ghost turns its malevolent gaze towards you.
Nib's ghost hits you!
* * * LOW HITPOINT WARNING * * *
There is a stone staircase leading up here.
Nib's ghost hits you!
You die...

#. .. .#...#
.## .##.....#
# .. ........
* #.#.
......#, ,
###.#.##.....
, *
..........!# ,
* #........# *
#...W.#,, *
*,#..@#.......
#..o#.####.#
,, #..o#.. , ,
*,#oo.#### *
#...# ..#o#* *
.....#* , , ,
......# * *


You could see an orc wizard, Nib's ghost and 4 orcs.

Vanquished Creatures
  2 worms (D:2)
  A ball python (D:2)
  2 hobgoblins (D:2)
  2 bats (D:2)
  A rat (D:2)
8 creatures vanquished.

Notes
Turn   | Place    | Note
-------+----------+-------------------------------------------
     0 | D:1      | Amnesiac the Deep Dwarf Fighter began the quest for the Orb.
     0 | D:1      | Reached XP level 1. HP: 20/20 MP: 1/1
    78 | D:2      | Reached skill level 1 in Dodging
   151 | D:2      | Reached XP level 2. HP: 6/27 MP: 2/2
   186 | D:3      | Noticed Nib's ghost (amateur MiFi)
   188 | D:3      | Slain by Nib's ghost

Vault maps used:
D:1:      dpeg_arrival_chase, minmay_misc_feat_doors, minmay_tall_x
D:2:      chequers_ecumenical_altar_twisty, corexii_leaking_fountain,
          uniq_crazy_yiuf_cottage
D:3:      grunt_dithmenos_smoke_and_mirrors, uniq_terence

Skill      XL: |  1  2 |
---------------+-------+-----
Dodging        | 1 2 |  2.2
Fighting       | |  2.6
Axes           | |  2.1
Armour         | |  3.2
Shields        | |  3.2

Action                   || total
-------------------------++-------
Melee: War axe           ||    31
  Use: Potion            ||     1
Armor: Scale mail        ||    16
Dodge: Dodged            ||    13
Block: Shield            ||    14

Table legend:
 A = Spawn XP
 B = Non-spawn XP
 C = Spawn XP percentage of total XP
 D = Spawn monster count
 E = Non-spawn monster count
 F = Spawn count percentage of total count
 G = Total turns spent on level
                    A         B        C        D         E        F      G
               +---------+---------+-------+---------+---------+-------+---------
         Total |       0 |      19 |   0.0 |       0 |       8 |   0.0 |   188
               +---------+---------+-------+---------+---------+-------+---------
           D:2 |       0 |      19 |   0.0 |       0 |       8 |   0.0 |   120
               +---------+---------+-------+---------+---------+-------+---------
